 Dungeon Crawl Stone Soup version 0.26.0-8-g74fc34ddfb (webtiles) character file.

Game seed: 1265251551558422846

1194 DearestLeader the Cleaver (level 8, -1/68 HPs)
             Began as a Minotaur Fighter on Jan 12, 2021.
             Was a Follower of Okawaru.
             Slain by Maggie
             ... wielding a +1 morningstar of distortion
              (3 damage)
             ... on level 6 of the Dungeon.
             The game lasted 00:07:28 (4617 turns).

DearestLeader the Cleaver (Minotaur Fighter)        Turns: 4617, Time: 00:07:29

Health: -1/68      AC: 11    Str: 23    XL:     8   Next: 20%
Magic:  8/8        EV:  7    Int:  5    God:    Okawaru [*.....]
Gold:   281        SH:  9    Dex: 10    Spells: 7/7 levels left

rFire    . . .     SeeInvis .   a - +0 war axe
rCold    . . .     Faith    .   c - +0 kite shield
rNeg     + + .     Spirit   .   b - +0 scale mail
rPois    .         Reflect  .   (helmet restricted)
rElec    .         Harm     .   p - +1 cloak {Stlth+}
rCorr    .         Rampage  .   (no gloves)
Will     .....                  v - +0 pair of boots
Stlth    ..........             (no amulet)
HPRegen  0.21/turn              m - ring of positive energy
MPRegen  0.11/turn              o - ring of positive energy

@: mesmerised, studying Stealth
A: retaliatory headbutt, horns 2
a: Renounce Religion, Heroism


You were on level 6 of the Dungeon.
You worshipped Okawaru.
Okawaru was aware of your devotion.
You visited 2 branches of the dungeon, and saw 7 of its levels.

You collected 281 gold pieces.

Inventory:

Hand Weapons
 a - a +0 war axe (weapon)
 s - a +0 hunting sling
Missiles
 t - 57 sling bullets
 A - 15 poisoned darts (quivered)
Armour
 b - a +0 scale mail (worn)
 c - a +0 kite shield (worn)
 p - a +1 cloak of stealth (worn)
 v - a +0 pair of boots (worn)
Jewellery
 m - a ring of positive energy (left hand)
 o - a ring of positive energy (right hand)
 w - an uncursed ring of wizardry
 B - an uncursed amulet of regeneration {unknown}
Wands
 x - a wand of enslavement (8)
Scrolls
 e - a scroll of amnesia
 f - 2 scrolls of blinking
 g - 5 scrolls of teleportation
 h - a scroll of noise {unknown}
 j - 4 scrolls of remove curse
 n - 2 scrolls of enchant weapon
 q - a scroll of magic mapping {unknown}
 y - a scroll of enchant armour {unknown}
 C - a scroll of identify
 D - a scroll of vulnerability {unknown}
Potions
 d - 3 potions of might
 k - 2 potions of curing {unknown}
 l - a potion of ambrosia {unknown}
 r - a potion of brilliance {unknown}
 z - a potion of resistance {unknown}
Books
 u - a manual of Stealth


   Skills:
 - Level 5.0 Fighting
 * Level 9.1 Axes
 + Level 7.1 Armour
 - Level 4.1 Shields
 + Level 1.8 Invocations


You had 7 spell levels left.
You didn't know any spells.
Your spell library was empty.

Dungeon Overview and Level Annotations

Branches:
Dungeon (6/15)             Temple (1/1) D:4

Altars:
Cheibriados
Hepliaklqana
Nemelex Xobeh
Okawaru
Qazlal
Vehumet

Shops:
D:6 =

Annotations:
D:6 Maggie


Innate Abilities, Weirdness & Mutations

You reflexively headbutt those who attack you in melee.
You have a pair of horns on your head.


Message History

Maggie is severely wounded.
Maggie gestures at you while chanting. The bolt of fire misses you.
You hit Maggie but do no damage. You headbutt Maggie!
Maggie is almost dead.
Maggie hits you with a +1 morningstar of distortion!
* * * LOW HITPOINT WARNING * * *
Space bends around you.
* * * LOW HITPOINT WARNING * * *
You hit Maggie.
Maggie is almost dead.
Maggie hits you but does no damage.
You blink.
The kobold skeleton hits you but does no damage.
Maggie gestures wildly while chanting.
Maggie draws you further into her thrall.
The kobold skeleton hits you but does no damage.
Maggie hits you with a +1 morningstar of distortion!
* * * LOW HITPOINT WARNING * * *
Space bends around you.
You die...

..'...>....#############
..####.###.#...........#
#...#.†.......########.#
#.#.#..##.##..##### #.#
..#....##.........# #.#
..####..........#.# #.# #.#
#..###...#.#.####.##### #.##
#......#.#@#..........# #..#
#.#####...Z@..##..###.###
##.###........##.............#
#..........####.............#
###..#.##..........###.##.#..#
.......#'....##...## .+..## .#
###....##)...##...# . ..# #
#....#<....##...# .. ...#
####...#.....##.... .@ .....
.............##...#... ...#..


You could see Maggie (mesmerising) and a kobold skeleton.

Vanquished Creatures
  Sigmund (D:4)
  An ogre (D:5)
  3 centaurs
  A bullfrog (D:5)
  A scorpion (D:5)
  A bullfrog zombie (D:5)
  2 orc priests
  A hound (D:4)
  A jelly (D:5)
  Crazy Yiuf (D:2)
  A bullfrog skeleton (D:4)
  2 orc wizards
  Jessica (D:2)
  2 iguanas
  3 worker ants
  A hound zombie (D:5)
  A worker ant zombie (D:6)
  7 adders
  A white imp (D:5)
  2 oozes
  An adder skeleton (D:5)
  3 worms
  A dart slug (D:2)
  3 leopard geckos
  11 orcs
  2 giant cockroaches
  6 goblins
  12 hobgoblins
  5 jackals
  2 quokkas
  2 ball pythons
  A ball python skeleton (D:4)
  3 bats
  6 frilled lizards
  A hobgoblin zombie (D:6)
  A jackal skeleton (D:6)
  2 kobolds (D:3)
  A kobold zombie (D:6)
  3 rats
100 creatures vanquished.

Vanquished Creatures (others)
  A goblin zombie (D:6)
  An orc skeleton (D:6)
2 creatures vanquished.

Grand Total: 102 creatures vanquished

Notes
Turn   | Place    | Note
-------+----------+-------------------------------------------
     0 | D:1      | DearestLeader the Minotaur Fighter began the quest for the
                  | Orb.
     0 | D:1      | Reached XP level 1. HP: 19/19 MP: 0/0
   312 | D:1      | Reached skill level 3 in Axes
   312 | D:1      | Reached XP level 2. HP: 24/26 MP: 1/1
   531 | D:2      | Noticed Jessica
   536 | D:2      | Killed Jessica
   537 | D:2      | Reached XP level 3. HP: 17/31 MP: 2/2
   820 | D:2      | You fall into a shaft and drop 1 floor!
   827 | D:3      | Reached skill level 4 in Axes
   940 | D:2      | Reached XP level 4. HP: 39/39 MP: 3/3
  1565 | D:2      | Found a runed translucent door.
  1566 | D:2      | Noticed Crazy Yiuf
  1721 | D:2      | Killed Crazy Yiuf
  1722 | D:2      | Reached skill level 5 in Axes
  1993 | D:3      | Reached XP level 5. HP: 45/45 MP: 4/4
  2392 | D:4      | Noticed a centaur
  2392 | D:4      | Noticed a centaur
  2398 | D:4      | Killed a centaur
  2399 | D:4      | Reached skill level 5 in Armour
  2401 | D:4      | Killed a centaur
  2402 | D:4      | Reached skill level 6 in Axes
  2402 | D:4      | Reached XP level 6. HP: 31/53 MP: 5/5
  2896 | D:4      | Noticed Sigmund
  2912 | D:4      | Killed Sigmund
  2913 | D:4      | Reached XP level 7. HP: 37/60 MP: 6/6
  3035 | D:4      | Found a staircase to the Ecumenical Temple.
  3044 | Temple   | Entered the Ecumenical Temple
  3049 | Temple   | Became a worshipper of Warmaster Okawaru
  3077 | D:4      | Reached skill level 7 in Axes
  3158 | D:4      | Reached skill level 5 in Fighting
  3299 | D:5      | Entered Level 5 of the Dungeon
  3353 | D:5      | Found a sparkling altar of Nemelex Xobeh.
  3575 | D:5      | Reached skill level 8 in Axes
  3834 | D:5      | Reached * piety under Okawaru
  4288 | D:6      | Reached skill level 1 in Invocations
  4288 | D:6      | Reached XP level 8. HP: 54/68 MP: 7/7
  4357 | D:6      | Found Koemos's Jewellery Emporium.
  4483 | D:6      | Reached skill level 9 in Axes
  4566 | D:6      | Noticed Maggie
  4617 | D:6      | HP: 2/68 [Maggie/+1 morningstar of distortion (12)]
  4617 | D:6      | Slain by Maggie

Illustrated notes

Levels and vault maps discovered:
D:1:      amcnicky_arrival_choice, layout_rooms
D:2:      layout_loops_corners, uniq_crazy_yiuf_cottage, uniq_jessica
D:3:      layout_basic
D:4:      layout_basic, minmay_temple_entry_mini_moons, minmay_manual_mares,
          uniq_sigmund
D:5:      layout_basic, nemelex_xobeh_ov_fountains_minmay
D:6:      layout_basic, nicolae_tso_besieged_by_evil, serial_shops, shop,
          nicolae_shop_statue_plus, kennysheep_generic_room_12, uniq_maggie
Temple:   regret_index_temple_chain_breaker

Skill      XL: |  1  2  3  4  5  6  7  8 |
---------------+-------------------------+-----
Axes           | 3 4 5 6 8 9 |  9.1
Armour         | 4 5 6 7 |  7.1
Shields        | 4 |  4.1
Fighting       | 4 5 |  5.0
Invocations    | 1 |  1.8

Action                   |  1- 3 |  4- 6 |  7- 9 || total
-------------------------+-------+-------+-------++-------
Melee: War axe           |    47 |    77 |   113 ||   237
       Headbutt          |     9 |    10 |    23 ||    42
Evoke: Wand              |       |       |     2 ||     2
  Use: Scroll            |       |     8 |       ||     8
       Potion            |       |       |     1 ||     1
Armor: Scale mail        |     9 |    33 |    36 ||    78
Dodge: Dodged            |    14 |    28 |    21 ||    63
Block: Kite shield       |    17 |    45 |    38 ||   100
